 Dungeon Crawl Stone Soup version 0.19.5 (webtiles) character file.

37261 Gargoyl the Protected (level 13, -5/113 HPs)
             Began as a Ghoul Abyssal Knight on Apr 21, 2017.
             Was the Champion of Lugonu.
             Slain by a wraith (7 damage)
             ... led by Josephine
             ... on level 5 of the Lair of Beasts.
             The game lasted 00:46:53 (18720 turns).

Gargoyl the Protected (Ghoul Abyssal Knight)       Turns: 18720, Time: 00:46:54

Health: -5/113     AC: 27    Str: 17    XL:     13   Next: 95%
Magic:  20/20      EV:  7    Int:  7    God:    Lugonu [******]
Gold:   467        SH:  0    Dex: 12    Spells: 0 memorised, 12 levels left

rFire  + . .     SeeInvis .     f - +3 long sword (elec)
rCold  + + .     Gourm    .     y - +1 plate armour
rNeg   + + +     Faith    .     t - +0 buckler
rPois  ∞         Spirit   .     h - +1 helmet
rElec  .         Reflect  +     i - +2 cloak
rCorr  .         Harm     .     b - +1 pair of gloves of Amibroun {rC+}
MR     +....                    G - +1 pair of boots
Stlth  ..........               A - +4 amulet of reflection
                                O - ring of protection from magic
                                n - ring of protection from fire

@: confused, rotting, slowed, very slow
A: rotting body, claws 1, carnivore 3, cold resistance 1, negative energy
resistance 3, slow regeneration 1, torment resistance, unbreathing
a: Depart the Abyss, Bend Space, Banish, Corrupt, Enter the Abyss, Brand Weapon
With Distortion, Renounce Religion


You were on level 5 of the Lair of Beasts.
You worshipped Lugonu.
Lugonu was exalted by your worship.
You were not hungry.

You visited 2 branches of the dungeon, and saw 16 of its levels.
You visited the Abyss 1 time.
You also visited: Labyrinth, Ossuary and Volcano.

You collected 767 gold pieces.
You spent 300 gold pieces at shops.

Inventory:

Hand Weapons
 f - a +3 long sword of electrocution (weapon)
 B - a +0 scimitar of flaming
 E - a +4 long sword
 I - a +2 war axe of chopping
 V - a +0 war axe of venom
Missiles
 J - 6 javelins (quivered)
Armour
 b - the +1 pair of gloves of Amibroun (worn) {rC+}
   (You acquired it on level 5 of the Dungeon)

   It protects you from cold.
 h - a +1 helmet (worn)
 i - a +2 cloak (worn)
 t - a +0 buckler (worn)
 y - a +1 plate armour (worn)
 G - a +1 pair of boots (worn)
Jewellery
 a - a +5 amulet of reflection
 l - an uncursed ring of flight
 n - a ring of protection from fire (left hand)
 o - an uncursed ring of protection from cold
 A - a +4 amulet of reflection (around neck)
 K - an uncursed amulet of rage {unknown}
 O - a ring of protection from magic (right hand)
 S - an uncursed ring of protection from magic
Wands
 D - a wand of disintegration (8/24)
 L - a wand of digging (13/24)
 M - a wand of flame (20/48)
 Y - a wand of disintegration (16/24)
Scrolls
 d - 13 scrolls of remove curse
 g - 3 scrolls of identify
 p - a scroll of fear
 r - 5 scrolls of blinking
 s - 3 scrolls of fog
 C - a scroll of teleportation
 Q - 2 scrolls of enchant weapon
 Z - a scroll of magic mapping
Potions
 e - a potion of mutation {unknown}
 j - 2 potions of ambrosia
 k - 2 potions of agility {unknown}
 m - 2 potions of magic {unknown}
 q - 6 potions of curing
 u - a potion of lignification {unknown}
 v - a potion of brilliance
 w - a potion of haste {unknown}
 x - 3 potions of flight
 z - a potion of invisibility
 H - a potion of might {unknown}
 N - 2 potions of cure mutation {unknown}
 P - a potion of resistance {unknown}
Comestibles
 c - 10 meat rations
 F - a beef jerky
 R - a chunk of flesh


   Skills:
 + Level 10.0 Fighting
 + Level 11.6 Long Blades
 + Level 1.8 Axes
 * Level 12.3 Armour
 + Level 3.6 Dodging
 + Level 4.9 Shields
 * Level 11.1 Invocations


You had 12 spell levels left.
You didn't know any spells.

Dungeon Overview and Level Annotations

Branches:
Dungeon (11/15)            Temple (0/1) D:5            Lair (5/6) D:11
  Swamp (0/4) Lair:4        Snake (0/4) Lair:2          Orc (0/2) D:10
  Slime: Lair:5-6

Altars:
Ashenzari
Cheibriados
Dithmenos
Fedhas
Hepliaklqana
Makhleb
Okawaru
Ru
Trog
Vehumet
Xom
Zin
The Shining One
Beogh

Shops:
D:5 =

Annotations:
Lair:5 Josephine
Abyss:1 Maurice


Innate Abilities, Weirdness & Mutations

Your body is rotting away.
You thrive on raw meat.
You are immune to poison.
You have sharp fingernails.
You are carnivorous and can eat meat at any time.
Your flesh is cold resistant. (rC+)
You are immune to negative energy. (rN+++)
You regenerate slowly when monsters are visible.
You are immune to unholy pain and torment.
You can survive without breathing.


Message History

The spiny frog closely misses you. The wraith hits you but does no damage.
Josephine grins malevolently.
Josephine hits you but does no damage. You block the wraith's attack.
The wraith completely misses you.
The spiny frog stings you but does no damage.
You block the wraith's attack.
You are confused.
You feel invigorated. Josephine hits you but does no damage.
The wraith completely misses you. The wraith closely misses you.
The spiny frog stings you.
* * * LOW HITPOINT WARNING * * *
The wraith hits you but does no damage. Josephine hits you but does no damage.
The wraith barely misses you.
You're too confused!
The spiny frog completely misses you. The wraith hits you.
* * * LOW HITPOINT WARNING * * *
The wraith drains your vigour!
You feel as though you will be slow longer.
The wraith hits you!
You die...

## ... ## .### ....
#.##..####....
##......P.....
###.............
.............P..
.......W@.......
.......@F..#
..#....WW.##
.........#.#
..P......### ...
#......P.# ....
#......#.#### .....
#P...(......######.....
#...#..#.......#.#...#
..#.####..#........#


You could see Josephine, a spiny frog and 3 wraiths.

Vanquished Creatures
  A minotaur (Lab)
  Fannar (D:11)
  Erolcha (D:11)
  2 hydras
  A queen ant (D:7)
  3 death yaks
  Urug (D:10)
  The ghost of Kalash the Firebug, a novice NaFE of Cheibriados (D:7)
  An oklob plant (Lair:3)
  A manticore (D:11)
  Joseph (D:9)
  4 black mambas
  A torpor snail (Lair:2)
  2 guardian serpents (D:9)
  2 gargoyles (Volcano)
  4 spiny frogs
  A rime drake (Lair:2)
  6 komodo dragons
  An efreet (Volcano)
  A troll (D:11)
  A two-headed ogre (D:11)
  3 blink frogs (Lair:4)
  Grinder (D:3)
  7 hippogriffs
  5 dream sheep (Lair:4)
  A spriggan (D:8)
  4 redbacks (Lab)
  A wraith (Lair:5)
  A wyvern (Lair:3)
  A fire elemental (Volcano)
  24 yaks
  Grum (D:9)
  4 vampire mosquitoes (D:9)
  2 hungry ghosts (D:10)
  5 swamp worms (Lair:4)
  20 soldier ants
  7 water moccasins
  10 porcupines
  A black bear (D:10)
  7 orc warriors
  3 sky beasts
  4 phantoms
  5 ogres
  5 centaurs
  9 crocodiles
  13 wolves
  3 big kobolds
  2 elf zombies (Ossuary)
  13 bullfrogs
  2 scorpions
  14 killer bees
  5 wights (D:10)
  3 electric eels (Lair:4)
  2 howler monkeys (D:9)
  7 crimson imps
  4 jellies
  10 orc priests
  A bullfrog skeleton (D:5)
  A centaur skeleton (D:5)
  5 centaur zombies
  2 hounds
  Ijyb (D:2)
  6 human zombies (Ossuary)
  Jessica (D:2)
  A gnoll shaman (D:3)
  2 iguanas
  12 orc wizards
  29 worker ants
  Terence (D:3)
  A killer bee zombie (D:9)
  A hound zombie (D:9)
  2 hound skeletons
  3 mummies (Ossuary)
  3 gnolls
  A howler monkey skeleton (D:10)
  A river rat (D:11)
  13 adders
  3 shadow imps
  An ooze (D:5)
  An adder zombie (D:5)
  5 worms
  A dart slug (D:1)
  8 leopard geckos
  45 orcs
  A ball python (D:3)
  3 giant cockroaches
  10 goblins
  5 hobgoblins
  17 jackals
  8 quokkas
  14 bats
  5 frilled lizards
  13 kobolds
  15 rats
  A plant (Lair:3)
489 creatures vanquished.

Vanquished Creatures (others)
  2 hydras
  An electric eel (Lair:4)
  A killer bee zombie (D:6)
  A leopard gecko (D:6)
  A quokka (D:6)
  5 bushes (Lair:4)
  9 fungi
  4 plants
24 creatures vanquished.

Grand Total: 513 creatures vanquished

Notes
Turn   | Place    | Note
-------+----------+-------------------------------------------
     0 | Abyss:1  | Gargoyl the Ghoul Abyssal Knight began the quest for the Orb.
     0 | Abyss:1  | Reached XP level 1. HP: 19/19 MP: 1/1
    62 | Abyss:1  | Noticed a chaos spawn
   104 | Abyss:2  | Noticed a glowing orange brain
   104 | D:1      | Escaped the Abyss
   224 | D:1      | Reached * piety under Lugonu
   224 | D:1      | Reached skill level 1 in Dodging
   229 | D:1      | Reached skill level 2 in Armour
   229 | D:1      | Reached XP level 2. HP: 21/26 MP: 2/2
   705 | D:2      | Reached XP level 3. HP: 29/33 MP: 3/3
   789 | D:2      | Found a radiant altar of Vehumet.
   838 | D:2      | Noticed Jessica
   848 | D:2      | Killed Jessica
   848 | D:2      | Reached skill level 1 in Long Blades
   848 | D:2      | Reached XP level 4. HP: 39/40 MP: 3/5
   940 | D:2      | Noticed Ijyb
   946 | D:2      | Killed Ijyb
  1391 | D:3      | Reached ** piety under Lugonu
  1392 | D:3      | Reached XP level 5. HP: 38/46 MP: 6/6
  1828 | D:3      | Noticed Grinder
  1830 | D:3      | Noticed Terence
  1835 | D:3      | Paralysed by Grinder for 3 turns
  1846 | D:3      | Killed Terence
  1847 | D:3      | Paralysed by Grinder for 6 turns
  1854 | D:3      | Killed Grinder
  1854 | D:3      | Reached skill level 3 in Armour
  1854 | D:3      | Reached XP level 6. HP: 9/53 MP: 7/7
  2128 | D:3      | Reached XP level 7. HP: 27/60 MP: 8/8
  2371 | D:4      | Found an iron altar of Okawaru.
  2371 | D:4      | Found a blossoming altar of Fedhas.
  2453 | D:4      | Reached *** piety under Lugonu
  2511 | D:4      | Found a shimmering altar of Xom.
  2512 | D:4      | Found a burning altar of Makhleb.
  2514 | D:4      | Reached skill level 4 in Armour
  2696 | D:4      | Reached skill level 5 in Fighting
  2857 | D:5      | Entered Level 5 of the Dungeon
  2894 | D:5      | Found Kees's Jewellery Shoppe.
  2919 | D:5      | Found a staircase to the Ecumenical Temple.
  2999 | D:5      | Found a shattered altar of Ashenzari.
  3017 | D:5      | Reached XP level 8. HP: 62/68 MP: 9/9
  3139 | D:5      | Found a sand-covered staircase.
  3251 | Ossuary  | Entered an ossuary
  3358 | Ossuary  | Reached skill level 5 in Long Blades
  3358 | Ossuary  | Reached skill level 5 in Armour
  3730 | D:5      | Identified a scroll of acquirement
  3731 | D:5      | Got a pair of brightly glowing gloves
  3737 | D:5      | Identified the +1 pair of gloves of Amibroun {rC+} (You acquired it on level 5 of the Dungeon)
  3819 | D:5      | Reached XP level 9. HP: 61/73 MP: 11/11
  3894 | D:5      | Reached skill level 5 in Invocations
  4378 | D:6      | Reached **** piety under Lugonu
  4580 | D:6      | Found a bloodstained altar of Trog.
  5072 | D:6      | Found a glowing golden altar of the Shining One.
  5072 | D:6      | Found a shadowy altar of Dithmenos.
  5245 | D:7      | Found a sacrificial altar of Ru.
  5267 | D:7      | Reached skill level 6 in Armour
  5663 | D:7      | Noticed Kalash's ghost (novice NaFE)
  5674 | D:7      | Killed Kalash's ghost
  5674 | D:7      | Reached XP level 10. HP: 77/84 MP: 13/13
  6011 | D:7      | Reached skill level 7 in Armour
  6342 | D:8      | Reached ***** piety under Lugonu
  6468 | D:8      | Noticed a queen ant
  6482 | D:8      | Reached skill level 8 in Armour
  6554 | D:7      | Killed a queen ant
  6960 | D:7      | Reached XP level 11. HP: 83/92 MP: 15/15
  7078 | D:8      | Found a glowing silver altar of Zin.
  7277 | D:8      | Reached skill level 9 in Armour
  7400 | D:5      | Bought a +4 amulet of reflection for 300 gold pieces
  7709 | D:9      | Noticed Grum
  7908 | D:9      | Killed Grum
  8020 | D:9      | Found a snail-covered altar of Cheibriados.
  8085 | D:9      | Noticed Joseph
  8098 | D:9      | Killed Joseph
  9156 | D:9      | Found a hazy altar of Hepliaklqana.
  9203 | D:10     | Entered Level 10 of the Dungeon
  9239 | D:10     | Noticed Maurice
  9275 | D:10     | Banished Maurice
  9879 | D:10     | Found a staircase to the Orcish Mines.
  9941 | D:10     | Found a roughly hewn altar of Beogh.
 10344 | D:10     | Reached skill level 10 in Long Blades
 10562 | D:10     | Noticed Urug
 10583 | D:10     | Killed Urug
 10583 | D:10     | Reached skill level 1 in Shields
 10787 | D:11     | Reached skill level 10 in Armour
 10831 | D:11     | Reached XP level 12. HP: 103/103 MP: 17/17
 10932 | D:11     | Reached ****** piety under Lugonu
 11031 | D:11     | Noticed Erolcha
 11040 | D:11     | Noticed Fannar
 11046 | D:11     | Killed Erolcha
 11090 | D:11     | Killed Fannar
 11633 | D:11     | Found a staircase to the Lair.
 11755 | Lair:1   | Entered Level 1 of the Lair of Beasts
 11792 | Lair:1   | Found a labyrinth entrance.
 11799 | Lab      | Entered a labyrinth
 12132 | Lab      | Noticed a minotaur
 12141 | Lab      | Killed a minotaur
 12147 | Lab      | Got an encrusted bardiche {chaos}
 12148 | Lab      | Identified the +0 bardiche of Peace {chaos, MR+ Dex+2} (You took it off a minotaur in a labyrinth)
 12388 | Lair:1   | Reached skill level 11 in Armour
 13085 | Lair:2   | Reached XP level 13. HP: 57/111 MP: 19/19
 13422 | Lair:1   | Reached skill level 10 in Invocations
 13456 | Lair:2   | Found a staircase to the Snake Pit.
 14303 | Lair:3   | Got a brightly glowing hand crossbow
 14306 | Lair:3   | Identified the +8 hand crossbow of Extremism {venom, rN+ Int-2 Dex+4 Stlth+} (You found it on level 3 of the Lair of Beasts)
 14401 | Lair:3   | Found a dark tunnel.
 14408 | Volcano  | Entered a volcano
 16937 | Lair:4   | Found a staircase to the Swamp.
 17535 | Lair:3   | Reached skill level 12 in Armour
 18503 | Lair:5   | Reached skill level 10 in Fighting
 18701 | Lair:5   | Noticed Josephine
 18717 | Lair:5   | HP: 1/113 [Josephine/dispel undead (26)]
 18720 | Lair:5   | Slain by a wraith

Skill      XL: |  1  2  3  4  5  6  7  8  9 10 11 12 13 |
---------------+----------------------------------------+-----
Dodging        | 1 2 3 |  3.6
Armour         | 2 3 4 5 6 8 10 11 12 | 12.3
Long Blades    | 1 2 3 4 6 7 9 10 11 | 11.6
Fighting       | 4 5 6 7 8 9 10 | 10.0
Invocations    | 3 4 6 7 8 9 11 | 11.1
Shields        | 1 3 4 |  4.9
Axes           | |  1.8

Action                   |  1- 3 |  4- 6 |  7- 9 | 10-12 | 13-15 || total
-------------------------+-------+-------+-------+-------+-------++-------
Melee: Long sword        |    64 |   111 |   414 |   984 |   454 ||  2027
       Scimitar          |       |       |       |       |    16 ||    16
Invok: Depart the Abyss  |     1 |       |       |       |       ||     1
       Bend Space        |       |     1 |       |     1 |     1 ||     3
       Banish            |       |       |       |     1 |     7 ||     8
  Use: Scroll            |     4 |     1 |     8 |    17 |     3 ||    33
       Potion            |       |     2 |       |     3 |     2 ||     7
  Eat: Chunk             |    11 |    25 |    47 |   139 |    78 ||   300
Armor: Leather armour    |    30 |    31 |       |       |       ||    61
       Ring mail         |       |    70 |     2 |       |       ||    72
       Scale mail        |       |       |    50 |       |       ||    50
       Chain mail        |       |       |   131 |       |       ||   131
       Plate armour      |       |       |   120 |   974 |   352 ||  1446
Dodge: Dodged            |    55 |   136 |   170 |   369 |   124 ||   854
Block: Buckler           |       |       |       |   234 |   221 ||   455
       Other             |       |       |       |    44 |       ||    44
       Reflection        |       |       |       |     2 |     4 ||     6
       Rpst.: Long sword |    15 |    51 |    55 |   116 |    30 ||   267
       Scimitar          |       |       |       |       |     1 ||     1
